Map: Traitor's Exile

Players

Lynic - Winner!

  • Race: Protoss Protoss
  • Spawn Location: 6:00

LukeNukem - Winner!

  • Race: Zerg Zerg
  • Spawn Location: 5:00

BizMac

  • Race: Terran Terran
  • League: Platinum
  • Spawn Location: 9:00

ILIEKEGGPIE

  • Race: Protoss Protoss
  • League: Platinum
  • Spawn Location: 12:00

VOD

Have the link to the VOD?

Description

Time

  • Played on: April 13, 2018, 1:06 p.m.
  • Length: 20:36
Show
View Real Time Build Order
Export as new Build Order

Lynic Protoss - Winner!

Build Orders: 1 Gate Expand, Blink Stalkers 

Get SALT Encoding   

  12  0:01  Probe  
  13  0:13  Probe  
  14  0:20  Pylon  
  14  0:25  Probe  
  15  0:38  Probe  
  15  0:41  Gateway  
  16  0:50  Probe  
  16  0:57  Assimilator  
  17  1:03  Probe  
  18  1:20  Probe  
  19  1:35  Nexus  
  19  1:36  Pylon  
  19  1:52  Cybernetics Core  
  19  2:02  Assimilator  
  18  2:20  Probe  
  19  2:26  Pylon  
  19  2:28  Stalker  
  19  2:29  Warp Gate (Chrono Boost)  
  21  2:42  Gateway  
  21  2:43  Gateway  
  21  2:49  Twilight Council  
  21  2:51  Probe  
  21  2:53  Probe  
  23  3:03  Probe  
  24  3:09  Probe  
  25  3:15  Probe  
  26  3:21  Probe  
  27  3:29  Blink (Chrono Boost)  
  27  3:33  Probe  
  28  3:36  Probe  
  29  3:45  Probe  
  29  3:46  Stalker  
  32  3:55  Forge  
  32  3:56  Pylon  
  25  4:19  Probe  
  25  4:22  Probe  
  27  4:25  Protoss Ground Weapons Level 1 (Chrono Boost)  
  27  4:31  Probe  
  28  4:34  Probe  
  29  4:41  Assimilator  
  29  4:43  Probe  
  30  4:46  Probe  
  31  4:55  Probe  
  31  4:58  Probe  
  33  5:01  Stalker x2  
  37  5:07  Probe  
  37  5:10  Probe  
  39  5:18  Forge  
  39  5:19  Probe  
  40  5:21  Stalker  
  40  5:22  Probe  
  40  5:24  Stalker  
  45  5:31  Probe  
  45  5:34  Probe  
  47  5:43  Probe  
  47  5:46  Probe  
  47  5:49  Templar Archives  
  49  5:55  Probe  
  50  5:58  Probe  
  50  6:00  Protoss Ground Weapons Level 2 (Chrono Boost)  
  51  6:18  Assimilator, Probe  
  52  6:19  Probe  
  52  6:23  Pylon  
  52  6:25  Pylon  
  53  6:32  Shield Battery  
  53  6:34  Shield Battery  
  53  6:36  Pylon  
  53  6:38  Stalker x3  
  59  6:41  Protoss Ground Armor Level 1 (Chrono Boost)  
  59  6:55  Probe x2  
  61  7:07  Probe  
  62  7:20  Stalker  
  62  7:21  Stalker x2  
  68  7:40  Nexus  
  68  7:42  Stargate, Pylon  
  68  7:44  Stargate  
  68  7:45  Pylon  
  68  7:47  Assimilator  
  68  7:48  Stalker x3  
  74  7:53  Assimilator  
  74  8:09  Photon Cannon  
  74  8:11  Zealot  
  74  8:12  Zealot x2, Photon Cannon  
  80  8:19  Photon Cannon  
  79  8:29  Probe x2  
  81  8:47  Photon Cannon  
  81  8:51  Photon Cannon  
  81  8:53  Photon Cannon  
  81  8:54  Shield Battery  
  81  8:56  Shield Battery  
  81  8:58  Void Ray x2  
  89  9:04  Probe x3  
  89  9:06  Protoss Ground Weapons Level 3 (Chrono Boost)  
  92  9:13  Protoss Ground Armor Level 2 (Chrono Boost)  
  92  9:25  Photon Cannon  
  92  9:26  Probe  
  92  9:27  Probe  
  94  9:32  Shield Battery  
  94  9:35  Photon Cannon  
  94  9:39  Zealot x2  
  94  9:43  Protoss Air Weapons Level 1 (Chrono Boost)  
  98  9:52  High Templar  
  100  10:00  High Templar  
  102  10:12  Gateway  
  102  10:14  Gateway  
  102  10:16  Gateway  
  102  10:17  Gateway  
  102  10:19  Gateway  
  102  10:20  Gateway  
  102  10:22  Gateway, Probe x2  
  102  10:26  Probe  
  105  10:32  Archon  
  105  10:34  High Templar x3, Probe x2  
  113  10:38  Archon  
  113  10:43  Void Ray  
  113  10:48  Pylon  
  117  11:06  Void Ray, Probe x3  
  124  11:18  Protoss Ground Armor Level 3 (Chrono Boost)  
  124  11:25  Probe  
  125  11:29  Protoss Shields Level 1  
  125  11:38  Pylon  
  125  11:39  Pylon  
  125  11:40  Pylon  
  125  11:42  Pylon x2  
  125  11:45  Pylon  
  125  11:56  Probe  
  125  12:00  High Templar x6  
  125  12:01  High Templar x4  
  142  12:04  Archon x3  
  142  12:05  Archon x2  
  142  12:06  Void Ray x2  
  154  12:13  Probe x2  
  156  12:25  Nexus  
  156  12:27  Pylon  
  156  12:29  Pylon  
  156  12:46  Gateway  
  156  12:48  Gateway  
  156  12:49  Gateway  
  156  12:51  Gateway  
  84  13:28  Zealot x2  
  84  13:29  Zealot x5  
  84  13:30  Zealot x3  
  82  13:47  Void Ray x2  
  90  13:53  High Templar  
  90  13:54  High Templar x2  
  90  13:55  High Templar x4  
  104  13:56  High Templar x2  
  104  13:59  Archon x2  
  104  14:00  Archon x2  
  104  14:02  High Templar  
  110  14:05  Zealot x4  
  110  14:07  Archon  
  118  14:25  Zealot  
  118  14:26  Zealot x5  
  118  14:27  Zealot x5  
  140  14:52  Assimilator  
  140  14:53  Zealot x4  
  140  14:54  Zealot x6  
  140  14:55  Zealot x4  
  140  14:56  Assimilator  
  168  15:04  Gateway x2  
  168  15:18  Stargate  
  168  15:24  Stargate  
  168  15:31  Stargate  
  168  15:34  Stargate  
  168  15:37  Fleet Beacon  
  168  15:46  Protoss Shields Level 2 (Chrono Boost)  
  168  15:47  Charge (Chrono Boost)  
  136  16:10  High Templar x4  
  136  16:11  High Templar x3  
  134  16:12  Zealot  
  134  16:13  Zealot x6  
  134  16:15  Archon x2  
  134  16:16  Archon  
  130  16:38  Zealot x4  
  130  16:39  Zealot x3  
  144  17:07  Carrier x3  
  162  17:24  Nexus  
  162  17:27  Assimilator  
  162  17:31  Assimilator  
  162  17:35  Pylon  
  162  17:49  Carrier x3  
  180  17:53  Protoss Air Weapons Level 2 (Chrono Boost)  
  158  18:30  Carrier x3 (Chrono Boost)  
  116  19:09  Carrier x3 (Chrono Boost)  
Show
View Real Time Build Order
Export as new Build Order

LukeNukem Zerg - Winner!

Build Orders: Pool First 

Get SALT Encoding   

  12  0:10  Overlord  
  12  0:13  Drone  
  13  0:19  Drone  
  14  0:28  Drone  
  14  0:33  Drone  
  16  0:44  Extractor  
  16  0:45  Drone  
  16  0:55  Drone  
  17  0:57  Spawning Pool  
  16  1:04  Drone  
  17  1:25  Drone  
  18  1:27  Hatchery  
  17  1:39  Drone  
  18  1:44  Queen  
  20  1:57  Zergling x4  
  20  1:58  Metabolic Boost  
  22  2:05  Overlord  
  22  2:25  Drone  
  24  2:37  Drone x2, Extractor  
  24  2:46  Queen  
  24  2:47  Drone  
  24  2:48  Drone  
  24  2:51  Queen  
  30  2:59  Drone  
  30  3:00  Drone x2  
  33  3:08  Drone  
  33  3:09  Drone x2  
  36  3:22  Overlord  
  36  3:23  Overlord  
  36  3:33  Overlord  
  36  3:42  Zergling x2  
  36  3:43  Zergling x8  
  36  3:44  Zergling x2  
  42  3:56  Drone x5  
  42  4:02  Spore Crawler  
  46  4:04  Spore Crawler  
  46  4:07  Spore Crawler  
  44  4:50  Drone  
  44  4:51  Drone  
  45  5:12  Drone x2  
  45  5:13  Drone x3  
  50  5:16  Drone x2, Extractor  
  50  5:17  Drone  
  50  5:18  Extractor  
  51  5:23  Queen  
  51  5:27  Drone  
  54  5:30  Drone x2  
  56  5:39  Hatchery  
  56  5:41  Overlord x2  
  55  6:06  Roach Warren  
  55  6:08  Lair  
  55  6:10  Drone  
  55  6:11  Drone  
  56  6:12  Drone x3  
  59  6:24  Drone  
  60  6:28  Queen  
  62  6:43  Hatchery  
  61  6:48  Roach  
  61  6:49  Roach x5  
  61  6:53  Overlord  
  61  6:54  Overlord x5  
  73  7:22  Overlord  
  73  7:32  Hydralisk Den  
  73  7:35  Infestation Pit, Drone x2  
  73  7:37  Drone  
  73  7:38  Drone x11  
  85  7:45  Queen  
  87  8:08  Queen  
  87  8:19  Extractor  
  86  8:20  Hydralisk x2  
  86  8:21  Roach x4, Hydralisk x5  
  86  8:22  Roach x5, Hydralisk x2, Extractor  
  121  8:37  Overseer  
  121  8:40  Overseer  
  121  8:43  Muscular Augments  
  121  8:48  Glial Reconstitution  
  121  8:57  Evolution Chamber  
  121  8:59  Evolution Chamber  
  119  9:07  Hatchery  
  118  9:14  Drone x3  
  118  9:15  Drone x3  
  118  9:30  Spore Crawler  
  118  9:31  Drone  
  118  9:37  Drone x3  
  118  9:38  Drone x3  
  123  9:44  Spore Crawler, Drone  
  123  9:45  Spore Crawler, Drone  
  125  9:49  Spore Crawler, Drone  
  124  10:12  Grooved Spines  
  124  10:13  Zerg Ground Armor Level 1  
  124  10:14  Zerg Missile Weapons Level 1  
  124  10:15  Hive  
  124  10:18  Spire  
  124  10:19  Drone x3, Spire  
  126  10:28  Drone x3  
  126  10:29  Drone x5  
  126  10:33  Overlord x4  
  126  10:34  Overlord x2  
  126  10:35  Overlord  
  133  10:38  Tunneling Claws  
  133  10:40  Burrow  
  133  10:42  Pneumatized Carapace  
  133  10:44  Hydralisk x2  
  133  10:45  Roach x3  
  143  11:02  Hydralisk x3  
  143  11:03  Roach x4, Hydralisk x5  
  167  11:38  Hydralisk x3  
  167  11:39  Roach x5, Hydralisk x4  
  189  11:40  Roach x3  
  197  12:02  Zerg Flyer Armor Level 1, Zerg Flyer Weapons Level 1  
  197  12:10  Ultralisk Cavern  
  197  12:13  Drone x3  
  197  12:14  Extractor  
  197  12:15  Drone x2, Extractor  
  199  12:25  Zerg Ground Armor Level 2, Zerg Missile Weapons Level 2  
  195  12:59  Hatchery  
  195  13:02  Hatchery  
  102  13:22  Roach, Hydralisk x4  
  102  13:23  Roach x5, Hydralisk x5  
  102  13:24  Roach x4, Hydralisk x4  
  102  13:25  Roach x5, Hydralisk x2  
  102  13:26  Roach  
  144  13:47  Hydralisk  
  144  13:48  Roach x3, Hydralisk x3  
  146  13:49  Roach x2  
  158  13:56  Overlord x2  
  158  14:16  Hydralisk x2  
  160  14:17  Roach x3, Hydralisk x4  
  160  14:18  Roach x5, Hydralisk x2  
  190  14:32  Zerg Flyer Armor Level 2  
  190  14:33  Zerg Flyer Weapons Level 2  
  190  14:38  Hydralisk x2  
  190  14:39  Roach x3  
  200  15:04  Overlord x3  
  200  15:05  Overlord  
  198  15:45  Overseer  
  130  16:28  Corruptor  
  130  16:29  Corruptor x25  
  182  17:05  Greater Spire  
  182  17:07  Zerg Flyer Weapons Level 3  
  182  17:08  Zerg Melee Weapons Level 1  
  182  18:09  Hatchery  
  181  18:20  Brood Lord  
  181  18:21  Brood Lord x3  
  181  18:22  Brood Lord x5  
  199  18:35  Extractor  
  199  18:37  Extractor  
  189  19:51  Corruptor x5  
  185  20:05  Brood Lord x4  
  185  20:06  Brood Lord x3  
Show
View Real Time Build Order
Export as new Build Order

BizMac Terran 

Build Orders: MMM Bio 

Get SALT Encoding   

  12  0:01  SCV  
  13  0:13  SCV  
  14  0:22  Supply Depot  
  14  0:25  SCV  
  15  0:31  Refinery  
  15  0:46  Barracks  
  15  0:48  SCV  
  16  1:00  SCV  
  17  1:12  SCV  
  18  1:24  Supply Depot  
  18  1:31  Refinery  
  18  1:33  Orbital Command  
  18  1:35  Reaper  
  19  1:57  Factory  
  19  2:00  SCV  
  20  2:14  SCV  
  21  2:21  Barracks, Marine  
  22  2:30  SCV  
  22  2:44  SCV  
  22  2:45  Starport  
  23  2:54  Command Center  
  23  3:07  Barracks Tech Lab  
  23  3:26  Barracks Reactor  
  23  3:28  Supply Depot  
  23  3:31  Stimpack  
  23  3:37  Barracks, Factory Tech Lab  
  23  3:39  Starport Reactor  
  23  3:42  SCV  
  24  3:58  Supply Depot  
  24  3:59  SCV  
  25  4:07  Orbital Command  
  25  4:16  Engineering Bay  
  25  4:20  SCV  
  25  4:22  Siege Tank  
  25  4:23  Marine  
  30  4:38  Marine  
  30  4:47  Orbital Command, Barracks Reactor  
  30  5:12  Medivac x2  
  34  5:14  Marauder, Marine x2  
  34  5:21  SCV  
  39  5:31  Combat Shields  
  39  5:32  Marine  
  39  5:33  SCV  
  41  5:36  Marauder  
  41  5:39  Bunker  
  43  5:45  SCV  
  43  5:46  Supply Depot  
  44  5:50  Marine  
  44  5:51  Marine x3  
  48  5:57  Marauder, SCV  
  48  5:59  SCV  
  48  6:01  Medivac  
  48  6:02  Medivac  
  56  6:09  SCV  
  56  6:10  Refinery  
  57  6:11  SCV  
  57  6:16  Supply Depot  
  58  6:19  Marauder, Supply Depot  
  58  6:21  SCV  
  58  6:24  Supply Depot  
  61  6:27  Missile Turret  
  61  6:29  Missile Turret  
  61  6:31  Missile Turret  
  61  6:33  SCV  
  62  6:45  Refinery, SCV  
  63  6:49  Siege Tank  
  66  6:55  Marauder  
  66  6:57  Marine  
  66  6:58  Marine, SCV  
  66  6:59  Marine  
  72  7:10  SCV  
  73  7:16  Marauder  
  73  7:22  SCV  
  76  7:42  Concussive Shells  
  76  7:43  Marauder, Marine x4  
  82  7:56  Viking x2  
  86  8:01  Marine x2  
  86  8:04  Marauder  
  90  8:25  Marine  
  90  8:26  Marauder, Marine  
  94  8:30  Terran Infantry Weapons Level 1  
  94  8:34  Engineering Bay  
  94  8:40  Missile Turret  
  94  8:46  Missile Turret  
  94  8:52  Supply Depot  
  94  9:06  Command Center  
  94  9:14  Marauder, Medivac x2, Marine x2  
  102  9:22  Marine  
  102  10:08  Missile Turret  
  102  10:17  Marine  
  102  10:18  Supply Depot  
  102  10:19  Terran Infantry Armor Level 1  
  103  10:27  Planetary Fortress  
  103  10:31  Marauder, Marine x3  
  103  10:34  Command Center  
  103  10:35  Marine  
  109  10:48  Marine  
  109  10:49  Marine  
  111  10:50  Armory  
  111  10:52  Marauder  
  113  11:00  Missile Turret  
  113  11:06  Siege Tank  
  116  11:12  Marine  
  116  11:13  Marine x3  
  116  11:14  Marauder  
  116  11:18  Viking  
  124  11:30  Marine  
  125  11:45  Viking  
  125  11:46  Marauder, Marine x3  
  132  11:48  Marine  
  132  11:53  Barracks  
  133  11:54  Barracks  
  133  12:03  Viking  
  133  12:04  Marine  
  133  12:07  Marauder  
  138  12:12  Terran Infantry Weapons Level 2  
  138  12:13  Terran Infantry Armor Level 2  
  138  12:15  Viking  
  140  12:59  SCV  
  140  13:00  Viking  
  140  13:01  Marauder  
  71  13:28  Marine  
  71  13:29  Marauder, Marine x3  
  61  13:45  Planetary Fortress  
  61  13:46  Marine  
  61  13:47  Marine x3  
  65  13:50  Marauder  
  65  13:53  Command Center, Barracks Tech Lab  
  65  13:54  Barracks Reactor  
  67  14:04  Marine x2  
  67  14:05  Marine  
  67  14:06  Marine  
  71  14:12  Marauder  
  71  14:14  Viking x2  
  77  14:22  Marine x3  
  80  14:31  Terran Infantry Weapons Level 3  
  80  14:33  Marauder, Terran Infantry Armor Level 3  
  80  14:37  Siege Tank  
  85  14:49  Supply Depot  
  85  14:52  Supply Depot  
  85  15:09  Siege Tank  
  88  15:16  Supply Depot  
  88  15:17  Supply Depot  
  74  15:25  Marauder x2, Marine x3  
  74  15:26  Marine x3  
  83  15:41  Supply Depot, Siege Tank  
  86  15:43  Marine x6  
  86  15:46  Marauder  
  86  15:47  Marauder  
  70  16:00  Marine  
  68  16:08  Marauder  
  69  16:13  Siege Tank  
  53  16:31  Planetary Fortress  
  50  16:36  Marauder x2, Marine x6  
  60  16:49  Medivac x2  
  60  16:53  Marine  
  60  16:54  Marine x4  
  65  16:57  Marauder  
  69  17:09  Marine  
  69  17:10  Marine  
  69  17:11  Marine  
  72  17:19  Marauder, Medivac x2  
  78  17:28  Marauder  
  80  17:32  Marine  
  80  17:33  Marine x5  
  86  17:40  Marauder  
  88  17:49  Marine  
  88  17:50  Marine x3  
  88  17:51  Marine x2, SCV  
  95  18:00  Marine  
  95  18:01  Marauder  
  95  18:03  SCV  
  99  18:07  Marauder  
  99  18:08  Marine x5  
  99  18:11  Refinery  
  106  18:13  Refinery  
  106  18:15  SCV  
  106  18:18  Marine  
  108  18:22  Marine  
  108  18:26  Marine x4  
  79  18:59  Marauder x2, Marine x4  
  79  19:00  Marine x2  
  162  19:10  Medivac x2  
  87  19:17  Marine x4  
  87  19:18  Marine x2  
  87  19:20  Marine x2  
  85  19:35  Marine x4  
  85  19:36  Marine x2  
  87  19:39  Medivac  
  87  19:40  Medivac  
Show
View Real Time Build Order
Export as new Build Order

ILIEKEGGPIE Protoss 

Build Orders: Oracle Opening 

Get SALT Encoding   

  12  0:01  Probe  
  13  0:13  Probe  
  14  0:24  Pylon  
  14  0:28  Probe  
  15  0:42  Probe  
  16  0:46  Gateway  
  16  0:54  Assimilator, Probe  
  17  1:08  Probe  
  18  1:27  Pylon  
  18  1:34  Cybernetics Core  
  18  1:36  Gateway  
  18  1:43  Probe (Chrono Boost)  
  18  1:44  Assimilator  
  19  1:53  Probe (Chrono Boost)  
  20  1:58  Probe (Chrono Boost)  
  21  2:13  Stargate  
  21  2:19  Probe  
  22  2:25  Adept x2  
  26  2:31  Warp Gate  
  26  2:53  Pylon  
  26  2:56  Oracle (Chrono Boost)  
  26  3:05  Gateway  
  29  3:08  Gateway  
  29  3:13  Stalker  
  29  3:18  Stalker  
  33  3:45  Stalker  
  35  4:00  Nexus  
  35  4:12  Oracle (Chrono Boost)  
  38  4:20  Pylon  
  38  4:24  Pylon  
  38  4:42  Zealot x2  
  38  4:43  Zealot  
  44  5:12  Probe x2  
  46  5:24  Stalker x3, Probe x2  
  54  5:32  Stalker  
  56  5:43  Probe (Chrono Boost)  
  56  5:48  Probe (Chrono Boost)  
  58  5:53  Probe (Chrono Boost)  
  60  5:57  Probe (Chrono Boost)  
  60  6:03  Probe (Chrono Boost)  
  61  6:06  Assimilator  
  61  6:10  Assimilator  
  62  6:13  Probe x2 (Chrono Boost)  
  62  6:18  Probe (Chrono Boost)  
  63  6:19  Probe  
  65  6:28  Robotics Facility  
  66  6:33  Probe (Chrono Boost)  
  66  6:39  Probe (Chrono Boost)  
  67  6:44  Pylon  
  67  6:46  Pylon  
  68  6:48  Probe x2 (Chrono Boost)  
  69  6:55  Probe  
  70  7:18  Probe (Chrono Boost)  
  72  7:22  Probe (Chrono Boost)  
  72  7:23  Stalker x2  
  72  7:24  Stalker x2  
  72  7:29  Probe (Chrono Boost)  
  81  7:32  Probe (Chrono Boost), Robotics Bay  
  81  7:33  Probe (Chrono Boost)  
  81  7:36  Robotics Facility  
  83  7:38  Pylon  
  83  7:42  Probe  
  84  7:56  Gateway  
  84  7:59  Gateway  
  84  8:02  Forge  
  84  8:03  Forge  
  84  8:18  Extended Thermal Lance (Chrono Boost)  
  84  8:34  Colossus  
  84  8:36  Protoss Ground Armor Level 1 (Chrono Boost), Protoss Ground Weapons Level 1 (Chrono Boost)  
  90  8:46  Nexus  
  90  8:49  Pylon  
  90  8:52  Pylon  
  90  8:57  Pylon  
  90  9:06  Colossus  
  96  9:10  Sentry x3  
  96  9:11  Stalker x3  
  108  9:23  Probe x2  
  107  9:26  Photon Cannon  
  107  9:29  Gateway  
  107  9:31  Pylon  
  107  9:47  Colossus  
  113  9:59  Probe x3  
  116  10:08  Twilight Council  
  116  10:09  Colossus  
  116  10:11  Probe x3  
  125  10:19  Pylon  
  125  10:20  Pylon  
  125  10:24  Probe (Chrono Boost)  
  128  10:29  Probe x2 (Chrono Boost)  
  128  10:39  Protoss Ground Armor Level 2 (Chrono Boost), Probe x2 (Chrono Boost), Protoss Ground Weapons Level 2 (Chrono Boost)  
  130  10:45  Blink (Chrono Boost)  
  130  10:50  Assimilator  
  130  10:55  Assimilator  
  130  10:59  Warp Prism (Chrono Boost)  
  130  11:01  Gateway  
  132  11:04  Gateway  
  132  11:06  Gateway  
  132  11:17  Templar Archives  
  132  11:20  Pylon  
  132  11:21  Pylon  
  132  11:46  Colossus x2 (Chrono Boost)  
  128  12:02  Psionic Storm  
  128  12:03  Stalker x3  
  128  12:04  Stalker x3  
  128  12:05  Sentry  
  142  12:16  Twilight Council  
  142  12:29  Pylon  
  142  12:32  Pylon  
  142  12:35  Pylon  
  139  12:50  Probe  
  140  12:54  Shield Battery  
  140  12:56  Shield Battery  
  110  13:28  Stalker  
  110  13:29  Stalker x6  
  114  13:36  Colossus x2 (Chrono Boost)  
  120  13:45  Stalker, Charge (Chrono Boost)  
  120  13:46  Stalker x2, Protoss Ground Weapons Level 3 (Chrono Boost), Protoss Ground Armor Level 3 (Chrono Boost)  
  126  13:54  Zealot x5  
  126  13:55  Zealot  
  138  14:22  Zealot x2, Observer  
  138  14:23  Zealot x3  
  149  14:24  Zealot  
  149  14:25  Zealot  
  153  14:36  Zealot x2  
  153  14:37  Zealot  
  159  14:48  Zealot  
  159  14:49  Zealot x4  
  169  15:00  Nexus  
  169  15:03  Pylon  
  169  15:05  Pylon  
  169  15:08  Assimilator  
  169  15:12  Nexus  
  169  15:13  Assimilator  
  169  15:15  Assimilator  
  169  15:16  Assimilator, Pylon  
  169  15:17  Pylon  
  169  15:28  Stalker x3  
  171  15:29  Stalker x3  
  171  15:34  High Templar  
  171  15:35  High Templar x3  
  93  16:17  Archon  
  70  16:19  Zealot x3  
  70  16:20  Zealot x4  
  63  16:26  Colossus (Chrono Boost)  
  67  16:38  Stalker x3  
  71  16:54  Zealot x4  
  79  17:16  Sentry x4  
  79  17:17  Zealot x2  
  91  17:27  Templar Archives  
  88  18:05  Nexus  
  88  18:08  High Templar x2  
  88  18:09  High Templar x2  
  88  18:10  Stalker  
  88  18:11  Stalker  
  26  19:08  Nexus  
  24  20:33  Zealot x2  
  24  20:34  Zealot x2  
Tags
 
Add a new tag
Caveats
  • Supply blocks, unpowered buildings, or Contaminate may cause inaccurate times.
  • Supply counts are checked every 10 seconds.